 Dungeon Crawl Stone Soup version 0.30.0 (webtiles) character file.

Game seed: 232079228690467811

767 arianagrande the Covert (level 7, 0/45 HPs)
             Began as an Octopode Brigand on Sept 25, 2023.
             Was a Follower of Uskayaw.
             Slain by a +1 rapier of flaming (2 damage)
             ... created by the rancor of the Wu Jian Council
             ... on level 5 of the Dungeon.
             The game lasted 00:10:38 (5069 turns).

arianagrande the Covert (Octopode Brigand)          Turns: 5069, Time: 00:10:39

Health: 0/45       AC:  1    Str: 10    XL:     7   Next: 82%
Magic:  7/7        EV: 14    Int: 14    God:    Uskayaw [*.....]
Gold:   284        SH:  0    Dex: 21    Spells: 6/6 levels left

rFire   . . .        a - +2 dagger
rCold   . . .        (no shield)
rNeg    . . .        (helmet restricted)
rPois   .            (no amulet)
rElec   .            l - +6 ring of dexterity
rCorr   .            (no ring)
SInv    .            (no ring)
Will    .....        (no ring)
Stlth   ++++++       (no ring)
HPRegen 0.27/turn    (no ring)
MPRegen 0.10/turn    (no ring)
                     (no ring)

%: no passive effects
@: no status effects
A: almost no armour, amphibious, 8 rings, camouflage 1, gelatinous body 1,
(nimble swimmer 1), tentacles
a: Renounce Religion, Stomp


You were on level 5 of the Dungeon.
You worshipped Uskayaw.
Uskayaw was noncommittal.
You visited 2 branches of the dungeon, and saw 7 of its levels.

You collected 284 gold pieces.

Inventory:

Hand Weapons
 a - a +2 dagger (weapon)
Missiles
 b - 45 poisoned darts (quivered)
 c - 3 curare-tipped darts
 o - 6 boomerangs
Jewellery
 l - a +6 ring of dexterity (left tentacle)
Scrolls
 e - 2 scrolls of enchant armour {unknown}
 g - 3 scrolls of teleportation
 h - a scroll of fear {unknown}
 i - a scroll of amnesia {unknown}
 k - a scroll of enchant weapon {unknown}
 m - a scroll of torment {unknown}
 n - a scroll of immolation {unknown}
 p - a scroll of vulnerability {unknown}
 q - a scroll of identify {unknown}
 r - a scroll of poison {unknown}
Potions
 d - a potion of heal wounds {unknown}
 f - 3 potions of curing
 j - a potion of brilliance {unknown}
 s - a potion of cancellation {unknown}
 t - 2 potions of berserk rage {unknown}


   Skills:
 - Level 2.0 Fighting
 - Level 4.0 Short Blades
 - Level 2.0 Throwing
 + Level 2.5 Dodging
 * Level 11.5 Stealth


You had 6 spell levels left.
You didn't know any spells.
Your spell library contained the following spells:

 Spells                   Type           Power      Damage    Failure   Level
 Kiss of Death            Conj/Necr      0%         2d5       28%         1
 Magic Dart               Conj           0%         1d3       28%         1
 Blink                    Tloc           0%         N/A       41%         2
 Call Imp                 Summ           0%         N/A       41%         2
 Cigotuvi's Dreadful Rot  Necr/Pois/Air  0%         N/A       41%         2
 Lesser Beckoning         Tloc           0%         N/A       41%         2
 Momentum Strike          Conj/Tloc      0%         3d8       41%         2
 Ignite Poison            Fire/Tmut/Pois 0%         N/A       65%         3
 Mephitic Cloud           Conj/Pois/Air  0%         N/A       65%         3
 Freezing Cloud           Conj/Ice/Air   0%         6-21      100%        5
 Iskenderun's Battlesphe  Conj           0%         2d6       100%        5
 Iron Shot                Conj/Erth      0%         9d1       100%        6
 Spellforged Servitor     Conj/Summ      0%         N/A       100%        7
 Fire Storm               Conj/Fire      0%         5d1       100%        9


Dungeon Overview and Level Annotations

Branches:
Dungeon (6/15)             Temple (1/1) D:5

Altars:
Ashenzari
Cheibriados
Elyvilon
Fedhas
Gozag
Kikubaaqudgha
Makhleb
Nemelex Xobeh
Okawaru
Qazlal
Ru
Sif Muna
Trog
Uskayaw
Vehumet
Wu Jian
Xom
Yredelemnul
The Shining One

Annotations:
D:5 Edmund, Grinder
D:6 Pikel


Innate Abilities, Weirdness & Mutations

You cannot wear most types of armour.
You are amphibious.
You can wear up to eight rings at the same time.
Your skin changes colour to match your surroundings (Stealth+).
Your rubbery body absorbs attacks. (AC +1, EV +1)
((You are camouflaged when in or above water. (Stealth+)))
You have tentacles for arms and can constrict up to eight enemies at once.


Message History

You carefully extract the barbed spikes from your body.
There is an open door here.
There is a stone staircase leading down here.
You climb downwards.
Level annotation: Edmund, Grinder
There is a stone staircase leading up here.
Unknown command.
You climb upwards.
There is a stone staircase leading down here.
Things that are here:
4 stones; a +0 whip
There is a stone staircase leading down here.
You climb downwards.
Level annotation: Edmund, Grinder
There is a stone staircase leading up here.
Found a potion of curing.
Found a stone.
f - 3 potions of curing (gained 1) Sifu Yunchang whispers: Nowhere to run...
The divine experience confuses you!
You are confused. 5 dancing weapons come into view.
There is a +1 heavy broad axe.
There is a +0 dire flail of electrocution.
There is a +0 heavy broad axe.
There is a +1 rapier of flaming.
There is a +2 rapier of speed.
You hit the +0 heavy broad axe.
The +0 heavy broad axe is moderately damaged.
The +0 heavy broad axe hits you!!
The +2 rapier of speed attacks as you move away!
The +2 rapier of speed hits you.
You feel yourself speed up.
You see here a stone.
Unknown command.
You bump into the rock wall.
The +2 rapier of speed hits you. The +0 heavy broad axe hits you!
* * * LOW HITPOINT WARNING * * *
The +2 rapier of speed barely misses you.
You bump into the rock wall.
You feel less confused. The +1 rapier of flaming hits you!
* * * LOW HITPOINT WARNING * * *
The +1 rapier of flaming burns you.
You die...

.....
#.................##
####..
#.......#........##
#.#
#.......#...######
.........#.#..#
....#######.##.# ##
.##. #.##.# ..
#..#.######## ##
####.#........#
.#@((....#<....#
#....(((....#.....#
##................#
####.......#.....#
#########.....#
#.....# #######


You could see 5 dancing weapons.

Vanquished Creatures
  An ice beast (D:5)
  A black bear (D:4)
  An ogre (D:4)
  A centaur (D:5)
  A kobold brigand (D:4)
  2 scorpions
  A jelly (D:3)
  An iguana (D:5)
  A sleepcap (D:5)
  5 adders
  An ufetubus (D:5)
  3 worms
  A dart slug (D:1)
  10 orcs
  5 endoplasms
  5 giant cockroaches
  5 goblins
  3 hobgoblins
  3 jackals (D:2)
  3 quokkas
  3 ball pythons
  2 bats
  2 frilled lizards (D:3)
  24 kobolds
  4 rats
89 creatures vanquished.

Vanquished Creatures (others)
  55 plants (D:4)
55 creatures vanquished.

Grand Total: 144 creatures vanquished

Notes
Turn   | Place    | Note
-------+----------+-------------------------------------------
     0 | D:1      | arianagrande the Octopode Brigand began the quest for the
                  | Orb.
     0 | D:1      | Reached XP level 1. HP: 14/14 MP: 1/1
   320 | D:1      | Reached XP level 2. HP: 12/19 MP: 2/2
   929 | D:2      | Reached skill level 6 in Stealth
  1121 | D:2      | Reached XP level 3. HP: 12/24 MP: 3/3
  1667 | D:3      | Found an opulent altar of Gozag.
  1670 | D:3      | Found a sacrificial altar of Ru.
  1827 | D:3      | Found a sparkling altar of Nemelex Xobeh.
  1831 | D:3      | Found an iron altar of Okawaru.
  2268 | D:3      | Reached skill level 7 in Stealth
  2268 | D:3      | Reached XP level 4. HP: 11/29 MP: 4/4
  2465 | D:3      | Found a snail-covered altar of Cheibriados.
  2609 | D:4      | Noticed a scorpion
  2611 | D:4      | Noticed a black bear
  2633 | D:4      | Killed a scorpion
  2634 | D:4      | Reached skill level 8 in Stealth
  2634 | D:4      | Reached XP level 5. HP: 10/34 MP: 5/5
  2761 | D:4      | Killed a black bear
  2762 | D:4      | Reached XP level 6. HP: 17/39 MP: 6/6
  3147 | D:4      | Reached skill level 9 in Stealth
  3240 | D:4      | Found a glowing golden altar of the Shining One.
  3938 | D:4      | Reached skill level 10 in Stealth
  3938 | D:4      | Reached XP level 7. HP: 26/45 MP: 7/7
  4111 | D:4      | Got the Parchment of Lethal Weather
  4388 | D:5      | Entered Level 5 of the Dungeon
  4403 | D:5      | Found a staircase to the Ecumenical Temple.
  4426 | Temple   | Entered the Ecumenical Temple
  4447 | Temple   | Became a worshipper of the Wu Jian Council
  4448 | Temple   | Fell from the grace of Wu Jian
  4530 | Temple   | Became a worshipper of Uskayaw the Reveller
  4555 | D:5      | Noticed Edmund
  4625 | D:5      | Reached * piety under Uskayaw
  4628 | D:5      | Reached ** piety under Uskayaw
  4841 | D:5      | Reached skill level 11 in Stealth
  4954 | D:5      | Noticed Grinder
  4981 | D:6      | Noticed Pikel
  4984 | D:5      | Paralysed by Grinder for 4 turns
  4994 | D:5      | Noticed a +1 great sword of electrocution
  4994 | D:5      | Noticed a +1 quarterstaff of flaming
  4994 | D:5      | Noticed a +1 broad axe of speed
  4994 | D:5      | Noticed a +2 heavy quarterstaff
  5016 | D:5      | Noticed a +0 dire flail of freezing
  5016 | D:5      | Noticed a +2 heavy broad axe
  5016 | D:5      | Noticed a +2 heavy broad axe
  5065 | D:5      | Noticed a +1 heavy broad axe
  5065 | D:5      | Noticed a +0 dire flail of electrocution
  5065 | D:5      | Noticed a +0 heavy broad axe
  5065 | D:5      | Noticed a +1 rapier of flaming
  5065 | D:5      | Noticed a +2 rapier of speed
  5069 | D:5      | HP: 2/45 [+1 rapier of flaming[the rancor of the Wu Jian
                  | Council] (9)]
  5069 | D:5      | Slain by a +1 rapier of flaming

Illustrated notes

Levels and vault maps discovered:
D:1:      co_arrival_random_square_maze, layout_basic
D:2:      layout_loops_cross
D:3:      layout_basic, nicolae_overflow_hidden_temple, slow_altar_2
D:4:      kennysheep_kobold_camp, layout_gridville, kennysheep_little_box,
          serial_rivers, chequers_serial_rivers_small_a,
          chequers_serial_rivers_large_a, chequers_serial_rivers_micro_b,
          chequers_serial_rivers_marsh, chequers_serial_rivers_micro_e,
          chequers_serial_rivers_micro_a, grunt_ministairs_13
D:5:      layout_rooms, minmay_temple_entry_overgrown, uniq_grinder, uniq_edmund
D:6:      black_bear_nest_2, layout_basic, nicolae_ossuary_entry_monument,
          grunt_decor_one_mirror, kennysheep_boxes, uniq_pikel, uniq_duvessa
Temple:   compressed_dpeg_triangle_lava_temple

Skill      XL: |  1  2  3  4  5  6  7 |
---------------+----------------------+-----
Stealth        | 6 7 8 10 11 | 11.5
Short Blades   | 3 4 |  4.0
Dodging        | 2 |  2.5
Fighting       | |  2.0
Throwing       | |  2.0

Action                     |  1- 3 |  4- 6 |  7- 9 || total
---------------------------+-------+-------+-------++-------
  Melee: Dagger            |    58 |    72 |    45 ||   175
         Constrict         |    13 |    12 |    11 ||    36
         Tentacles         |     9 |    22 |    14 ||    45
         Punch             |     1 |       |     1 ||     2
  Throw: Dart              |       |     4 |       ||     4
 Invoke: Renounce Religion |       |       |     1 ||     1
    Use: Scroll            |     1 |       |     1 ||     2
         Potion            |       |     2 |       ||     2
   Stab: Sleeping          |    14 |    11 |     3 ||    28
 Armour: Skin              |       |     2 |     1 ||     3
  Dodge: Dodged            |    22 |    36 |    23 ||    81
